 Dungeon Crawl Stone Soup version 0.31-a0-329-g52107efa6a (webtiles) character file.

Game seed: 14055289204370677193

543 AdnanSaban the Cudgeller (level 7, -8/44 HPs)
             Began as a Gargoyle Fighter on July 18, 2023.
             Mangled by a gnoll
             ... wielding a +0 halberd
             ... led by a gnoll sergeant
              (10 damage)
             ... on level 5 of the Dungeon.
             The game lasted 00:03:52 (3131 turns).

AdnanSaban the Cudgeller (Gargoyle Fighter)         Turns: 3131, Time: 00:03:54

Health: -8/44      AC: 13    Str: 21    XL:     7   Next: 27%
Magic:  7/7        EV:  9    Int: 15    God:
Gold:   243        SH:  4    Dex:  9    Spells: 6/6 levels left

rFire   . . .        n - +0 flail (heavy)
rCold   . . .        c - +0 buckler
rNeg    + . .        b - +0 scale mail
rPois   ∞            (no helmet)
rElec   +            (no cloak)
rCorr   .            g - +0 pair of gloves
SInv    .            (no boots)
Will    .....        x - amulet of the acrobat Stlth
                     w - +6 ring of intelligence
HPRegen 0.27/turn    (no ring)
MPRegen 0.10/turn

%: acrobat
@: no status effects
A: sickness immunity, AC +4, negative energy resistance 1, electricity
resistance, torment resistance 1, petrification resistance
a: no special abilities


You were on level 5 of the Dungeon.
You visited 1 branch of the dungeon, and saw 5 of its levels.

You collected 243 gold pieces.

Inventory:

Hand Weapons
 n - a +0 heavy flail (weapon)
Armour
 b - a +0 scale mail (worn)
 c - a +0 buckler (worn)
 g - a +0 pair of gloves (worn)
Jewellery
 w - a +6 ring of intelligence (left hand)
 x - an amulet of the acrobat (around neck)
Wands
 q - a wand of charming (8)
Scrolls
 e - a scroll of enchant armour {unknown}
 f - 7 scrolls of identify {unknown}
 j - 3 scrolls of noise {unknown}
 k - a scroll of blinking {unknown}
 l - 3 scrolls of poison {unknown}
 p - a scroll of summoning {unknown}
 t - 2 scrolls of enchant weapon {unknown}
 u - a scroll of fear {unknown}
Potions
 a - a potion of experience {unknown}
 d - 3 potions of might
 h - 2 potions of invisibility {unknown}
 i - a potion of attraction {unknown}
 m - a potion of haste {unknown}
 o - a potion of curing {unknown}
 r - a potion of mutation {unknown}
 s - 2 potions of degeneration {unknown}
 v - 2 potions of lignification {unknown}


   Skills:
 + Level 4.7 Fighting
 + Level 5.2 Maces & Flails
 + Level 5.1 Armour
 + Level 4.7 Shields


You had 6 spell levels left.
You didn't know any spells.
Your spell library contained the following spells:

 Spells                   Type           Power      Damage    Failure   Level
 Sandblast                Erth           0%         2d4       63%         1
 Passwall                 Tmut/Erth      0%         N/A       77%         2
 Poisonous Vapours        Pois/Air       0%         N/A       77%         2
 Mephitic Cloud           Conj/Pois/Air  0%         N/A       94%         3
 Stone Arrow              Conj/Erth      0%         3d7       94%         3
 Freezing Cloud           Conj/Ice/Air   0%         6-21      100%        5


Dungeon Overview and Level Annotations

Branches:
Dungeon (5/15)
 Temple: D:4-7

Altars:

Shops:
D:2 [

Annotations:
D:4 1 runed translucent door, Crazy Yiuf


Innate Abilities, Weirdness & Mutations

You are immune to sickness and miasma.
Your stone body is resilient. (AC +4)
You are immune to poison.
You resist negative energy. (rN+)
You are resistant to electric shocks. (rElec)
You are resistant to unholy torment.
You are immune to petrification.


Message History

You bludgeon the gnoll!!
You kill the gnoll!
You block the gnoll sergeant's attack. The gnoll sergeant barely misses you.
The gnoll hits you from afar with a +0 halberd!
The gnoll sergeant hits you with a +0 spear.
Things that are here:
a +0 whip; a +0 club You barely miss the gnoll sergeant.
The gnoll hits you from afar with a +0 halberd.
The gnoll sergeant hits you with a +0 spear.
The gnoll hits you from afar with a +0 halberd!
You are too injured to fight recklessly!
You are too injured to fight recklessly!
You are too injured to fight recklessly!
You are too injured to fight recklessly!
You are too injured to fight recklessly!
You are too injured to fight recklessly!
You are too injured to fight recklessly!
You are too injured to fight recklessly!
You are too injured to fight recklessly!
You are too injured to fight recklessly!
You are too injured to fight recklessly!
You are too injured to fight recklessly!
You are too injured to fight recklessly!
You are too injured to fight recklessly!
You are too injured to fight recklessly!
You are too injured to fight recklessly!
You barely miss the gnoll sergeant.
The gnoll hits you from afar with a +0 halberd.
* * * LOW HITPOINT WARNING * * *
You block the gnoll sergeant's attack. The gnoll misses you.
The gnoll sergeant hits you but does no damage.
The gnoll barely misses you. The gnoll closely misses you.
The gnoll sergeant blocks your attack.
The gnoll hits you from afar with a +0 halberd!
* * * LOW HITPOINT WARNING * * *
The gnoll sergeant hits you with a +0 spear.
* * * LOW HITPOINT WARNING * * *
The gnoll hits you from afar with a +0 halberd!
You die...

## . .#
###########.####.
.....gg@........>
.##.#####g<......
#..............
#######........
###.###.. .# . .#
#


You could see a gnoll sergeant and 2 gnolls.

Vanquished Creatures
  Menkaure (D:4)
  A kobold brigand (D:3)
  A hound (D:4)
  A jelly (D:4)
  Ijyb (D:3)
  2 iguanas (D:4)
  Natasha (thrice) (D:2)
  Terence (D:3)
  2 gnolls (D:5)
  2 adders
  A worm (D:3)
  A dart slug (D:2)
  5 orcs
  9 ball pythons
  4 bats
  4 endoplasms
  7 giant cockroaches
  A goblin (D:3)
  5 hobgoblins
  4 jackals (D:2)
  3 quokkas (D:1)
  2 frilled lizards (D:3)
  17 kobolds
  6 rats
84 creatures vanquished.

Notes
Turn   | Place    | Note
-------+----------+-------------------------------------------
     0 | D:1      | AdnanSaban the Gargoyle Fighter began the quest for the
                  | Orb.
     0 | D:1      | Reached XP level 1. HP: 14/14 MP: 1/1
    99 | D:1      | Reached XP level 2. HP: 18/19 MP: 2/2
   582 | D:1      | Reached XP level 3. HP: 23/23 MP: 3/3
   704 | D:2      | Noticed Natasha
   712 | D:2      | Killed Natasha
   845 | D:2      | Reached XP level 4. HP: 26/29 MP: 4/4
   890 | D:2      | Noticed Natasha
   898 | D:2      | Killed Natasha
   938 | D:2      | Found Qoskopp's Antique Armour Shoppe.
  1061 | D:2      | Noticed Natasha
  1069 | D:2      | Killed Natasha
  1070 | D:2      | Reached XP level 5. HP: 29/33 MP: 5/5
  1182 | D:3      | Found the +0 toga "Victory" {*Victory Clar}
  1491 | D:3      | Noticed a kobold brigand
  1499 | D:3      | Killed a kobold brigand
  1683 | D:3      | Noticed Ijyb
  1689 | D:3      | Noticed Terence
  1690 | D:3      | Killed Ijyb
  1691 | D:3      | Reached XP level 6. HP: 27/39 MP: 6/6
  1703 | D:3      | Killed Terence
  2179 | D:4      | Noticed Menkaure
  2190 | D:4      | Killed Menkaure
  2442 | D:4      | Reached skill level 5 in Maces & Flails
  2442 | D:4      | Reached XP level 7. HP: 43/44 MP: 7/7
  2740 | D:4      | Reached skill level 5 in Armour
  2892 | D:4      | Found a runed translucent door.
  2893 | D:4      | Noticed Crazy Yiuf
  3122 | D:5      | Entered Level 5 of the Dungeon
  3131 | D:5      | HP: 2/44 [gnoll sergeant/+0 spear (2)]
  3131 | D:5      | Mangled by a gnoll

Illustrated notes

Levels and vault maps discovered:
D:1:      nzn_arrival_water_spiral, layout_loops_cross
D:2:      layout_rooms, serial_shops, nicolae_shop_pleasant_corner_grove,
          uniq_natasha
D:3:      cheibrodos_thug_alley, layout_loops_ring, serial_forest,
          infiniplex_forest_clump_small, infiniplex_forest_clump_curved,
          infiniplex_forest_clump_small, infiniplex_forest_clump_medium,
          infiniplex_forest_clump_C, infiniplex_forest_straight_2,
          infiniplex_forest_clump_small, infiniplex_forest_lined_room_3,
          uniq_terence, uniq_ijyb
D:4:      layout_basic, chequers_serial_rivers_micro_a, uniq_menkaure,
          uniq_crazy_yiuf_cottage
D:5:      layout_basic, temple_green, gup_sewer_entry_spiral, solitary_fountain,
          uniq_eustachio, uniq_pikel, uniq_sigmund

Skill      XL: |  1  2  3  4  5  6  7 |
---------------+----------------------+-----
Maces & Flails | 3 4 5 |  5.2
Fighting       | 4 |  4.7
Armour         | 4 5 |  5.1
Shields        | 4 |  4.7

Action                     |  1- 3 |  4- 6 |  7- 9 || total
---------------------------+-------+-------+-------++-------
  Melee: Flail             |    88 |   141 |    19 ||   248
 Armour: Scale mail        |    59 |    92 |    10 ||   161
  Dodge: Dodged            |    38 |    77 |    11 ||   126
  Block: Buckler           |    25 |    42 |     6 ||    73

Table legend: (Time is in decaauts)
 A = Elapsed time spent in this place.
 B = Non-inter-level travel time spent in this place.
 C = Inter-level travel time spent in this place.
 D = Time resting spent in this place.
 E = Time spent auto-exploring this place.
 F = Levels seen in this place.
 G = Mean time per level.
                   A        B        C        D        E       F      G
               +--------+--------+--------+--------+--------+-----+--------+
         Total |   3275 |   3154 |    121 |    105 |   2355 |   5 |  655.0 |
       Dungeon |   3275 |   3154 |    121 |    105 |   2355 |   5 |  655.0 |
               +--------+--------+--------+--------+--------+-----+--------+

Top non-repeatable levels by time:
     D:4: 1053 daAuts
     D:3: 978 daAuts
     D:1: 673 daAuts
     D:2: 557 daAuts
     D:5: 13 daAuts
